 Dungeon Crawl Stone Soup version 0.28-a0-1555-g9ae15a6949 (webtiles) character file.

Game seed: 17140066338628276141

132 kae the Insei (level 4, -4/33 HPs)
             Began as a Demonspawn Transmuter on Jan 18, 2022.
             Frozen to death by an endoplasm (5 damage)
             ... on level 3 of the Dungeon.
             The game lasted 00:01:38 (2987 turns).

kae the Insei (Demonspawn Transmuter)               Turns: 2987, Time: 00:01:38

Health: -4/33      AC:  2    Str: 13    XL:     4   Next: 92%
Magic:  7/7        EV: 12    Int: 14    God:
Gold:   131        SH:  0    Dex: 13    Spells: 3/7 levels left

rFire   . . .      SeeInvis .   k - +2 trident (venom)
rCold   . . .      Faith    .   (no shield)
rNeg    . . .      Spirit   .   a - +0 robe
rPois   .          Reflect  .   (no helmet)
rElec   .          Harm     .   (no cloak)
rCorr   .          Rampage  .   (no gloves)
Will    .....                   (no boots)
Stlth   +.........              d - amulet of the acrobat
HPRegen 0.11/turn               (no ring)
MPRegen 0.10/turn               (no ring)

@: no status effects
A: claws 1, ignite blood 1
a: no special abilities


You were on level 3 of the Dungeon.
You visited 1 branch of the dungeon, and saw 3 of its levels.

You collected 131 gold pieces.

Inventory:

Hand Weapons
 k - a +2 trident of venom (weapon)
Armour
 a - a +0 robe (worn)
Jewellery
 d - an amulet of the acrobat (around neck)
Scrolls
 h - a scroll of identify
 j - a scroll of teleportation {unknown}
Potions
 b - a potion of cancellation
 c - 2 potions of heal wounds
 e - 3 potions of attraction {unknown}
 f - a potion of lignification {unknown}
 g - a potion of mutation {unknown}
 i - a potion of curing {unknown}


   Skills:
 + Level 1.8 Fighting
 + Level 2.3 Dodging
 * Level 3.4 Unarmed Combat
 + Level 2.3 Spellcasting
 * Level 2.8 Transmutations
 * Level 1.3 Poison Magic


You had 3 spell levels left.
You knew the following spells:

 Your Spells              Type           Power      Damage    Failure   Level
a - Beastly Appendage     Tmut           18%        N/A       7%          1
b - Spider Form           Tmut/Pois      7%         N/A       28%         3

Your spell library contained the following spells:

 Spells                   Type           Power      Damage    Failure   Level
 Wereblood                Tmut           9%         N/A       11%         2
 Poisonous Vapours        Pois/Air       6%         N/A       26%         2
 Corpse Rot               Necr/Air       2%         N/A       34%         2
 Ice Form                 Ice/Tmut       5%         N/A       77%         4


Dungeon Overview and Level Annotations

Branches:
Dungeon (3/15)

Altars:
Cheibriados


Innate Abilities, Weirdness & Mutations

You have sharp fingernails.
Your demonic aura sometimes causes spilled blood to erupt in flames.


Message History

The jelly hits you but does no damage.
You barely miss the jelly.
The jelly is moderately wounded.
The jelly barely misses you.
You hit the jelly.
Your claws burn!
The jelly is moderately wounded.
The jelly closely misses you. The jelly hits you.
You are splashed with acid!
You are too injured to fight recklessly!
You are too injured to fight recklessly!
You are too injured to fight recklessly!
You are too injured to fight recklessly!
You hit the jelly.
Your claws burn!
You claw the jelly.
The jelly is almost dead.
The jelly barely misses you.
You completely miss the jelly.
The jelly is almost dead.
The jelly hits you but does no damage.
You hit the jelly but do no damage.
Your claws burn!
The jelly is almost dead.
The endoplasm jiggles.
The jelly hits you but does no damage.
You hit the jelly but do no damage.
Your claws burn!
* * * LOW HITPOINT WARNING * * *
The jelly is almost dead.
The jelly closely misses you. The jelly hits you but does no damage.
You hit the jelly.
You kill the jelly!
You hit the endoplasm.
The endoplasm is moderately wounded.
The endoplasm freezes you.
You are frozen.
* * * LOW HITPOINT WARNING * * *
The endoplasm freezes you.
You are frozen.
* * * LOW HITPOINT WARNING * * *
You barely miss the endoplasm.
The endoplasm is moderately wounded.
The endoplasm freezes you.
You are frozen.
You die...

##........###.....##
..........##.......#
..........##.......#
.)........##.......#
#.........##.......#
..###..#.###....####
.## ##.#.#
#....'..## .# #...#
########.# .# #...#
##..J@..##
.######..# #'#######
)...#....##.P.P.JJ.J
.........##.J..J..P÷
.........##.J÷....P.
).....)..##.P...PJ..
.........##...P..J÷.
.........##.....P.P/
###......###########


You could see an endoplasm.

Vanquished Creatures
  2 jellies (D:3)
  2 adders (D:2)
  A worm (D:3)
  2 dart slugs (D:2)
  An orc (D:3)
  8 endoplasms
  2 giant cockroaches
  A goblin (D:2)
  2 hobgoblins (D:2)
  6 ball pythons
  4 bats
  11 kobolds
  3 rats (D:1)
45 creatures vanquished.

Vanquished Creatures (others)
  A fungus (D:3)
  7 toadstools (D:3)
8 creatures vanquished.

Grand Total: 53 creatures vanquished

Notes
Turn   | Place    | Note
-------+----------+-------------------------------------------
     0 | D:1      | kae the Demonspawn Transmuter began the quest for the Orb.
     0 | D:1      | Reached XP level 1. HP: 15/15 MP: 3/3
   328 | D:1      | Found a faded altar of an unknown god.
   732 | D:1      | Gained mutation: Your demonic aura sometimes causes spilled
                  | blood to erupt in flames. [demonic ancestry]
   732 | D:1      | Reached XP level 2. HP: 21/21 MP: 3/5
  1217 | D:2      | Reached skill level 3 in Unarmed Combat
  1469 | D:2      | Gained mutation: You have sharp fingernails. [demonic
                  | ancestry]
  1469 | D:2      | Reached XP level 3. HP: 23/26 MP: 4/6
  1473 | D:2      | Learned a level 3 spell: Spider Form
  2068 | D:2      | Found a snail-covered altar of Cheibriados.
  2690 | D:3      | HP: 1/26 [kobold (3)]
  2944 | D:3      | Reached XP level 4. HP: 32/32 MP: 5/7
  2977 | D:3      | Reached skill level 1 in Poison Magic
  2986 | D:3      | HP: 1/33 [frozen (4)]
  2987 | D:3      | Frozen to death by an endoplasm

Illustrated notes

Levels and vault maps discovered:
D:1:      wheals_arrival_linesprint, layout_basic,
          nicolae_ecumenical_snake_handling, roderic_serpentine_path
D:2:      layout_basic, basic_altar, kennysheep_generic_room_15
D:3:      cheibrodos_fertilizer, layout_rooms, eino_tiny_chamber,
          kennysheep_generic_room_7

Skill      XL: |  1  2  3  4 |
---------------+-------------+-----
Transmutations | 2 |  2.8
Dodging        | 2 |  2.3
Unarmed Combat | 3 |  3.4
Poison Magic   | 1 |  1.3
Fighting       | |  1.8
Spellcasting   | |  2.3

Action                   |  1- 3 |  4- 6 || total
-------------------------+-------+-------++-------
Melee: Unarmed           |    98 |       ||    98
       Kick              |    23 |       ||    23
       Headbutt          |     8 |     1 ||     9
       Trident           |     2 |    15 ||    17
       Punch             |     1 |     1 ||     2
 Cast: Beastly Appendage |    33 |     1 ||    34
  Use: Scroll            |     3 |       ||     3
       Potion            |     1 |       ||     1
 Stab: Sleeping          |     1 |       ||     1
Armor: Robe              |    17 |     6 ||    23
Dodge: Dodged            |    92 |     4 ||    96

Table legend: (Time is in decaauts)
 A = Elapsed time spent in this place.
 B = Non-inter-level travel time spent in this place.
 C = Inter-level travel time spent in this place.
 D = Time resting spent in this place.
 E = Time spent auto-exploring this place.
 F = Levels seen in this place.
 G = Mean time per level.
                   A        B        C        D        E       F      G
               +--------+--------+--------+--------+--------+-----+--------+
         Total |   2985 |   2918 |     67 |     87 |   2467 |   3 |  995.0 |
       Dungeon |   2985 |   2918 |     67 |     87 |   2467 |   3 |  995.0 |
               +--------+--------+--------+--------+--------+-----+--------+

Top non-repeatable levels by time:
     D:1: 1181 daAuts
     D:2: 1155 daAuts
     D:3: 648 daAuts
